 Dungeon Crawl Stone Soup version 0.18.1-48-g4cf74bf (webtiles) character file.

124 septik the Ducker (level 4, 0/35 HPs)
             Began as a Demonspawn Gladiator on May 29, 2016.
             Slain by Crazy Yiuf
             ... wielding a +3 quarterstaff of chaos
              (3 damage)
             ... on level 2 of the Dungeon on July 12, 2016.
             The game lasted 00:11:52 (3420 turns).

septik the Ducker (Demonspawn Gladiator)            Turns: 3420, Time: 00:11:52

Health: 0/35       AC:  3    Str: 17    XL:     4   Next: 81%
Magic:  4/4        EV: 13    Int:  9    God:
Gold:   101        SH:  0    Dex: 13    Spells: 0 memorised, 3 levels left

rFire  . . .     SeeInvis .     a - +0 short sword (speed)
rCold  . . .     Gourm    .     b - +0 leather armour
rNeg   . . .     Faith    .     (no shield)
rPois  .         Spirit   .     (helmet restricted)
rElec  .         Dismiss  .     (no cloak)
rCorr  .         Reflect  .     (no gloves)
SustAt .         Harm     .     (no boots)
MR     .....                    (no amulet)
Stlth  +.........               (no ring)
                                n - ring of flight

@: not resistant to hostile enchantments, very unstealthy
A: antennae 1, rot immunity
a: Evoke Flight


You were on level 2 of the Dungeon.
You were not hungry.

You visited 1 branch of the dungeon, and saw 2 of its levels.

You collected 101 gold pieces.

Inventory:

Hand Weapons
 a - a +0 short sword of speed (weapon)
 l - a +0 quarterstaff
 o - a +2 hunting sling of flaming
 p - a +1 hunting sling of evasion
Missiles
 d - 3 throwing nets (quivered)
 h - 82 stones
Armour
 b - a +0 leather armour (worn)
 m - a +0 scale mail
Jewellery
 n - a ring of flight (left hand)
Scrolls
 e - 3 scrolls of remove curse
 g - 2 scrolls of identify
Potions
 c - 2 potions of degeneration {unknown}
 i - a potion of heal wounds {unknown}
 k - a potion of cure mutation {unknown}
Comestibles
 f - 2 bread rations
 j - a beef jerky
 q - a royal jelly


   Skills:
 + Level 3.0 Fighting
 * Level 1.7 Short Blades
 - Level 3.1 Staves
 - Level 1.7 Throwing
 + Level 1.5 Armour
 + Level 3.3 Dodging


You had 3 spell levels left.
You didn't know any spells.

Dungeon Overview and Level Annotations

Branches:
Dungeon (2/15)

Altars:

Annotations:
D:2 Crazy Yiuf


Innate Abilities, Weirdness & Mutations

You have a pair of small antennae on your head.
You are immune to rotting.


Message History

You closely miss Crazy Yiuf. Crazy Yiuf barely misses you.
You hit Crazy Yiuf.
Crazy Yiuf is lightly wounded.
You hit Crazy Yiuf.
Crazy Yiuf is moderately wounded.
Crazy Yiuf closely misses you.
You hit Crazy Yiuf but do no damage.
Crazy Yiuf is moderately wounded.
Crazy Yiuf yells, "Dawk bag sing-song!"
Crazy Yiuf hits you with a quarterstaff of chaos!
You convulse!
* * * LOW HITPOINT WARNING * * *
You hit Crazy Yiuf.
Crazy Yiuf is moderately wounded.
You hit Crazy Yiuf.
Crazy Yiuf is moderately wounded.
Crazy Yiuf hits you with a quarterstaff of chaos!
* * * LOW HITPOINT WARNING * * *
Crazy Yiuf freezes you.
You die...

####### #.....## #......##
#.......# ### ♣♣##.......#
#)))#♣ ♣♣..........#
#.)))g♣♣♣♣...........#
♣@)♣)P..........# ######
♣♣♣)♣)P........## .....#
♣♣♣♣♣##.......# .....# #.......#
.....####### #########.......#
#..#.......#####..........÷....#
#.########...........>.........#
#.# #########.#.####.......##
#.######....##...#...##......##


You could see Crazy Yiuf.

Vanquished Creatures
  3 adders
  4 worms (D:2)
  6 dart slugs
  4 giant geckos
  5 bats
  2 giant cockroaches (D:2)
  7 goblins
  6 hobgoblins
  10 jackals
  7 kobolds
  2 quokkas (D:2)
  5 giant newts
  5 rats
66 creatures vanquished.

Notes
Turn   | Place    | Note
--------------------------------------------------------------
     0 | D:1      | septik the Demonspawn Gladiator began the quest for the Orb.
     0 | D:1      | Reached XP level 1. HP: 16/16 MP: 1/1
   354 | D:1      | Gained mutation: You are immune to rotting. [demonic ancestry]
   354 | D:1      | Reached XP level 2. HP: 22/22 MP: 2/2
   506 | D:1      | HP: 1/23 [poisoned by an adder]
   781 | D:1      | Gained mutation: You have a pair of small antennae on your head. [demonic ancestry]
   781 | D:1      | Reached XP level 3. HP: 17/28 MP: 3/3
   874 | D:1      | Reached skill level 1 in Armour
  1428 | D:1      | Upgraded the game from 0.18.1-8-gdd0e5ea to 0.18.1-48-g4cf74bf
  1442 | D:2      | Found a faded altar to an unknown god.
  2225 | D:2      | Reached XP level 4. HP: 33/34 MP: 4/4
  2253 | D:2      | Reached skill level 1 in Short Blades
  3411 | D:2      | Noticed Crazy Yiuf
  3420 | D:2      | Slain by Crazy Yiuf

Skill      XL: |  1  2  3  4 |
---------------+-------------+-----
Staves         | 3 |  3.1
Dodging        | 3 |  3.3
Armour         | 1 |  1.5
Short Blades   | 1 |  1.7
Fighting       | 3 |  3.0
Throwing       | |  1.7

Action                   |  1- 3 |  4- 6 || total
-------------------------+-------+-------++-------
Melee: Quarterstaff      |    77 |       ||    77
       Short sword       |    79 |   160 ||   239
  Use: Potion            |     1 |       ||     1
       Scroll            |       |     2 ||     2
  Eat: Chunk             |     4 |     4 ||     8
Armor: Leather armour    |    31 |    25 ||    56
Dodge: Dodged            |   112 |    86 ||   198
